Arizona Coyotes vs Washington Capitals
(R2)
Created - Saturday, July 1, 2023 at 05:50
Goals
|
| Arizona Coyotes |
0 |
1 |
0 |
1 |
| Washington Capitals |
0 |
5 |
1 |
6 |
|
Shots
|
| Arizona Coyotes |
9 |
10 |
10 |
29 |
| Washington Capitals |
6 |
17 |
7 |
30 |
|
1st period
No Goal
Penalties :
Drake Batherson (WSH) for Hooking (Minor) at 6:42, Ian Cole (WSH) for Holding (Minor) at 10:08, Charlie Coyle (AZC) for Goalie Interference (Minor) at 12:33, Patrick Kane (WSH) for Delaying the game (Minor) at 16:43
2nd period
1. Washington Capitals , Nick Jensen 1 (Patrick Kane 1, Alex Ovechkin 1) at 1:32 (PP)
2. Arizona Coyotes , Mats Zuccarello 1 (Ilya Mikheyev 1, Claude Giroux 1) at 6:33 (PP)
3. Washington Capitals , Jordan Kyrou 1 (Drake Batherson 1, Barrett Hayton 1) at 12:06
4. Washington Capitals , Nikita Zaitsev 1 (Jason Robertson 1, Brad Marchand 1) at 16:54 (PP)
5. Washington Capitals , Jason Robertson 1 (Nico Hischier 1, Brad Marchand 2) at 18:28 (PP)
6. Washington Capitals , Brayden Point 1 (Patrick Kane 2) at 19:20 (PP)
Penalties :
Jani Hakanpaa (AZC) for Holding (Minor) at 1:00, Erik Cernak (WSH) for Boarding (Minor) at 3:39, Barrett Hayton (WSH) for Tripping (Minor) at 6:18, Matt Dumba (AZC) for Hooking (Minor) at 12:18, Radko Gudas (AZC) for Roughing (Double Minor) at 16:12, Jani Hakanpaa (AZC) for Roughing (Minor) at 17:37, Patrick Kane (WSH) for Fighting (Major) at 19:23, David Krejci (AZC) for Fighting (Major) at 19:23
3rd period
7. Washington Capitals , Brad Marchand 1 (Nico Hischier 2, Jason Robertson 2) at 15:19 (PP)
Penalties :
Barrett Hayton (WSH) for Fighting (Major) at 0:54, Jared Spurgeon (AZC) for Fighting (Major) at 0:54, Erik Haula (AZC) for Tripping (Minor) at 2:10, Dmitry Orlov (AZC) for Roughing (Minor) at 9:09, Patrick Kane (WSH) for High sticking (Minor) at 9:30, Erik Cernak (WSH) for Interference (Minor) at 11:12, Matt Dumba (AZC) for Holding (Minor) at 14:44, Connor Murphy (WSH) for Hooking (Minor) at 16:38
Goalie Stats
Kaapo Kahkonen (AZC), 24 saves from 30 shots - (0.800), L, 0-1-0, 60:00 minutes
Jake Oettinger (WSH), 28 saves from 29 shots - (0.966), W, 1-0-0, 60:00 minutes
Players Stats for Arizona Coyotes
Player Name G A P +/- PIM S H SB GA TA FO MP PP MP PK MP
------------------------------------------------------------------------------------
Brandon Tanev 0 0 0 0 0 1 0 0 2 0 0/0 7:09 0:00 0:42
Brayden McNabb 0 0 0 0 0 5 0 1 0 1 0/0 27:48 6:25 6:35
Charlie Coyle 0 0 0 0 2 2 0 0 0 1 0/1 10:21 0:04 1:31
Claude Giroux 0 1 1 -1 0 3 0 1 1 0 8/20 21:47 6:22 4:52
David Krejci 0 0 0 -1 5 2 3 0 0 0 11/19 19:14 5:47 3:48
Dmitry Orlov 0 0 0 0 2 1 3 0 0 0 0/0 20:42 6:25 0:02
Erik Haula 0 0 0 0 2 2 1 0 1 0 7/12 13:41 0:04 3:48
Ilya Mikheyev 0 1 1 0 0 2 1 0 1 0 0/1 17:19 6:21 0:59
James van Riemsdyk 0 0 0 0 0 3 0 0 0 0 3/3 10:15 0:04 0:00
Jani Hakanpaa 0 0 0 -1 4 0 0 0 0 1 0/0 14:13 0:00 5:27
Jared Spurgeon 0 0 0 0 5 0 2 0 0 0 0/0 21:53 5:48 3:20
Mats Zuccarello 1 0 1 -1 0 2 0 0 1 0 0/0 21:26 6:22 4:13
Matt Dumba 0 0 0 0 4 0 1 2 0 1 0/0 14:30 0:01 1:33
Ondrej Palat 0 0 0 0 0 3 0 0 0 1 1/1 16:35 5:47 0:20
Radko Gudas 0 0 0 -1 4 0 0 4 0 2 0/0 20:48 5:48 4:08
Ross Colton 0 0 0 0 0 0 0 0 0 0 0/0 6:23 0:00 0:00
Tanner Jeannot 0 0 0 0 0 0 2 0 0 1 0/0 6:23 0:00 0:00
Tyler Seguin 0 0 0 0 0 3 0 0 2 1 4/11 16:21 5:47 0:02
Players Stats for Washington Capitals
Player Name G A P +/- PIM S H SB GA TA FO MP PP MP PK MP
------------------------------------------------------------------------------------
Alex Ovechkin 0 1 1 0 0 0 1 0 0 0 0/2 20:25 6:09 0:00
Barrett Hayton 0 1 1 1 7 0 1 1 1 1 1/3 11:28 0:00 4:35
Brad Marchand 1 2 3 0 0 6 1 0 1 0 0/0 20:39 4:24 6:42
Brayden Point 1 0 1 0 0 5 4 0 1 1 23/39 20:30 6:09 0:00
Connor Murphy 0 0 0 1 2 0 1 1 0 0 0/0 19:33 3:21 3:34
Drake Batherson 0 1 1 1 2 2 1 0 1 0 0/0 9:41 0:37 0:04
Erik Cernak 0 0 0 0 4 0 1 3 0 0 0/0 21:17 0:00 4:53
Fabian Zetterlund 0 0 0 0 0 1 0 0 0 0 0/1 4:33 0:00 0:00
Ian Cole 0 0 0 0 2 0 1 0 0 1 0/0 8:05 0:00 0:02
Isac Lundestrom 0 0 0 0 0 1 1 0 0 1 6/15 14:24 0:41 7:10
Jason Robertson 1 2 3 0 0 4 0 0 1 0 0/0 13:12 4:05 0:00
John Carlson 0 0 0 0 0 1 3 2 0 2 0/0 28:56 7:12 3:49
Jordan Kyrou 1 0 1 1 0 2 1 0 0 0 0/0 10:23 0:19 1:47
Nick Jensen 1 0 1 0 0 1 2 0 0 1 0/0 20:12 7:12 4:25
Nico Hischier 0 2 2 0 0 2 0 0 2 0 4/6 18:27 4:05 3:49
Nikita Zaitsev 1 0 1 1 0 1 3 3 0 1 0/0 21:57 3:21 7:42
Owen Tippett 0 0 0 0 0 0 0 0 0 0 0/0 4:33 0:00 0:00
Patrick Kane 0 2 2 0 9 4 2 1 2 0 0/2 17:27 5:09 0:02
3 Stars
1 - Brad Marchand (WSH)
2 - Jason Robertson (WSH)
3 - Jake Oettinger (WSH)
Power Play
Arizona Coyotes - 1 on 8 Attempt(s) - 12.50%
Washington Capitals - 5 on 9 Attempt(s) - 55.56%
Penalty Kill
Arizona Coyotes - 4 on 9 Attempt(s) - 44.44%
- Score 0 goal in Penalty Kill
Washington Capitals - 7 on 8 Attempt(s) - 87.50%
- Score 0 goal in Penalty Kill
Team Stat
Arizona Coyotes - Hits : 13 - Faceoff Wins : 34 - Blocked Shots : 8 - Penalty Minutes : 28
Washington Capitals - Hits : 23 - Faceoff Wins : 34 - Blocked Shots : 11 - Penalty Minutes : 26
Official
Referees : Wes McCauley and Jean Hebert
Linesman : Derek Amell and Steve Miller
Game Notes
Patrick Kane beats up David Krejci at 19:23 of 2nd period
Barrett Hayton and Jared Spurgeon fight to a draw at 0:54 of 3rd period
Finance
Level 1 -- Attendance: 6000 (100.00%) -- Ticket Income $582,000
Level 2 -- Attendance: 5000 (100.00%) -- Ticket Income $285,000
Level 3 -- Attendance: 3000 (100.00%) -- Ticket Income $102,000
Level 4 -- Attendance: 5000 (100.00%) -- Ticket Income $115,000
Luxury Box -- Attendance: 854 (85.40%) -- Ticket Income $168,238
Game was played at the Verizon Center.
Total Attendance: 19854 (99.27%)
Total Ticket Income: $1,252,238
Other Income: $438,283
Total Income: $1,690,521
Arizona Coyotes
5 vs 5 Forward
Center Left Wing Right Wing Time % Phy DF OF
1 David Krejci Mats Zuccarello Claude Giroux 30 0 2 3
2 Tyler Seguin Ondrej Palat Ilya Mikheyev 30 0 2 3
3 Erik Haula James van Riemsdyk Charlie Coyle 25 1 2 2
4 Ross Colton Tanner Jeannot Brandon Tanev 15 1 2 2
5 vs 5 Defense
Defense Defense Time % Phy DF OF
1 Matt Dumba Jared Spurgeon 35 1 2 2
2 Brayden McNabb Dmitry Orlov 35 1 2 2
3 Radko Gudas Jani Hakanpaa 25 1 3 1
4 Brayden McNabb Jared Spurgeon 5 1 2 2
PowerPlay Forward
Center Left Wing Right Wing Time % Phy DF OF
1 Claude Giroux Mats Zuccarello Ilya Mikheyev 50 1 1 3
2 David Krejci Ondrej Palat Tyler Seguin 50 1 1 3
PowerPlay Defense
Defense Defense Time % Phy DF OF
1 Radko Gudas Jared Spurgeon 50 1 2 2
2 Brayden McNabb Dmitry Orlov 50 1 2 2
Penalty Kill 4 Players Forward
Center Wing Time % Phy DF OF
1 Claude Giroux Mats Zuccarello 50 1 2 2
2 Erik Haula David Krejci 50 1 2 2
Penalty Kill 4 Players Defense
Defense Defense Time % Phy DF OF
1 Brayden McNabb Jared Spurgeon 50 1 3 1
2 Jani Hakanpaa Radko Gudas 50 1 3 1
Penalty Kill - 3 Players Forward
Forward Time % Phy DF OF
1 Charlie Coyle 50 1 2 2
2 Ondrej Palat 50 1 2 2
Penalty Kill - 3 Players Defense
Defense Defense Time % Phy DF OF
1 Radko Gudas Jani Hakanpaa 50 1 2 2
2 Brayden McNabb Dmitry Orlov 50 1 2 2
4 vs 4 Forward
Center Wing Time % Phy DF OF
1 Claude Giroux Mats Zuccarello 50 0 2 3
2 Erik Haula David Krejci 50 0 2 3
4 vs 4 Defense
Defense Defense Time % Phy DF OF
1 Jani Hakanpaa Jared Spurgeon 50 1 3 1
2 Brayden McNabb Dmitry Orlov 50 1 3 1
Last Minutes Offensive
Center Left Wing Right Wing Defense Defense
Claude Giroux Mats Zuccarello Charlie Coyle Matt Dumba Jared Spurgeon
Last Minutes Defensive
Center Left Wing Right Wing Defense Defense
Claude Giroux Mats Zuccarello Charlie Coyle Matt Dumba Jared Spurgeon
Goaltenders
Starting : Kaapo Kahkonen
Backup : Elvis Merzlikins
Extra Forwards
Normal : James van Riemsdyk, Erik Haula, Mats Zuccarello - PP : James van Riemsdyk, Erik Haula - PK : Claude Giroux
Extra Defensemen
Normal : Radko Gudas, Jani Hakanpaa, Brayden McNabb - PP : Radko Gudas - PK : Jani Hakanpaa, Brayden McNabb
Penalty Shots
Claude Giroux, Mats Zuccarello, Charlie Coyle, David Krejci, Tyler Seguin
Washington Capitals
5 vs 5 Forward
Center Left Wing Right Wing Time % Phy DF OF
1 Brayden Point Alex Ovechkin Patrick Kane 40 1 2 2
2 Nico Hischier Brad Marchand Jason Robertson 30 1 2 2
3 Barrett Hayton Jordan Kyrou Drake Batherson 20 1 2 2
4 Isac Lundestrom Fabian Zetterlund Owen Tippett 10 1 2 2
5 vs 5 Defense
Defense Defense Time % Phy DF OF
1 John Carlson Erik Cernak 40 1 2 2
2 Connor Murphy Nikita Zaitsev 30 1 2 2
3 Ian Cole Nick Jensen 20 1 2 2
4 John Carlson Connor Murphy 10 1 2 2
PowerPlay Forward
Center Left Wing Right Wing Time % Phy DF OF
1 Brayden Point Alex Ovechkin Patrick Kane 60 1 2 2
2 Nico Hischier Brad Marchand Jason Robertson 40 1 2 2
PowerPlay Defense
Defense Defense Time % Phy DF OF
1 John Carlson Nick Jensen 60 1 2 2
2 Connor Murphy Nikita Zaitsev 40 1 2 2
Penalty Kill 4 Players Forward
Center Wing Time % Phy DF OF
1 Isac Lundestrom Brad Marchand 60 1 2 2
2 Nico Hischier Barrett Hayton 40 1 2 2
Penalty Kill 4 Players Defense
Defense Defense Time % Phy DF OF
1 Erik Cernak Nikita Zaitsev 60 1 2 2
2 Connor Murphy Nick Jensen 40 1 2 2
Penalty Kill - 3 Players Forward
Forward Time % Phy DF OF
1 Isac Lundestrom 60 1 2 2
2 Brad Marchand 40 1 2 2
Penalty Kill - 3 Players Defense
Defense Defense Time % Phy DF OF
1 Erik Cernak Nikita Zaitsev 60 1 2 2
2 Connor Murphy Nick Jensen 40 1 2 2
4 vs 4 Forward
Center Wing Time % Phy DF OF
1 Brayden Point Alex Ovechkin 60 1 2 2
2 Nico Hischier Patrick Kane 40 1 2 2
4 vs 4 Defense
Defense Defense Time % Phy DF OF
1 John Carlson Erik Cernak 60 1 2 2
2 Connor Murphy Nikita Zaitsev 40 1 2 2
Last Minutes Offensive
Center Left Wing Right Wing Defense Defense
Brayden Point Alex Ovechkin Patrick Kane John Carlson Erik Cernak
Last Minutes Defensive
Center Left Wing Right Wing Defense Defense
Isac Lundestrom Barrett Hayton Brad Marchand John Carlson Erik Cernak
Goaltenders
Starting : Jake Oettinger
Backup : Vitek Vanecek
Extra Forwards
Normal : Isac Lundestrom, Drake Batherson, Jordan Kyrou - PP : Isac Lundestrom, Drake Batherson - PK : Jordan Kyrou
Extra Defensemen
Normal : Ian Cole, Nikita Zaitsev, Connor Murphy - PP : Ian Cole - PK : John Carlson, Connor Murphy
Penalty Shots
Brayden Point, Alex Ovechkin, Patrick Kane, Brad Marchand, Jason Robertson
% Time on Ice - Arizona Coyotes
Lines # - Real PCT - Wanted PCT - Time Play
Normal Forward
1 - 29% - 30% - 10:17
2 - 30% - 30% - 10:32
3 - 24% - 25% - 8:24
4 - 18% - 15% - 6:23
Normal Defense
1 - 39% - 35% - 13:54
2 - 36% - 35% - 12:58
3 - 21% - 25% - 7:33
4 - 3% - 5% - 1:11
PP Forward
1 - 53% - 50% - 6:26
2 - 47% - 50% - 5:47
PP Defense
1 - 47% - 50% - 5:48
2 - 53% - 50% - 6:25
PK Forward
1 - 44% - 50% - 4:16
2 - 56% - 50% - 5:26
PK Defense
1 - 48% - 50% - 4:39
2 - 52% - 50% - 5:03
PK3 Forward
1 - 61% - 50% - 0:31
2 - 39% - 50% - 0:20
PK3 Defense
1 - 100% - 50% - 0:51
2 - 0% - 50% - 0:00
44 Forward
1 - 57% - 50% - 0:56
2 - 43% - 50% - 0:42
44 Defense
1 - 45% - 50% - 0:44
2 - 55% - 50% - 0:54
Last Minute Offensive - 0:00
Last Minute Defensive - 0:00
Total
Forward - 60:00
Defense - 60:00
|
% Time on Ice - Washington Capitals
Lines # - Real PCT - Wanted PCT - Time Play
Normal Forward
1 - 38% - 40% - 13:32
2 - 27% - 30% - 9:34
3 - 22% - 20% - 7:57
4 - 13% - 10% - 4:33
Normal Defense
1 - 45% - 40% - 16:05
2 - 28% - 30% - 10:06
3 - 22% - 20% - 7:43
4 - 5% - 10% - 1:42
PP Forward
1 - 61% - 60% - 6:28
2 - 39% - 40% - 4:05
PP Defense
1 - 68% - 60% - 7:12
2 - 32% - 40% - 3:21
PK Forward
1 - 70% - 60% - 8:21
2 - 30% - 40% - 3:35
PK Defense
1 - 63% - 60% - 7:31
2 - 37% - 40% - 4:25
PK3 Forward
1 - 100% - 60% - 0:17
2 - 0% - 40% - 0:00
PK3 Defense
1 - 100% - 60% - 0:17
2 - 0% - 40% - 0:00
44 Forward
1 - 82% - 60% - 1:20
2 - 18% - 40% - 0:18
44 Defense
1 - 49% - 60% - 0:48
2 - 51% - 40% - 0:50
Last Minute Offensive - 0:00
Last Minute Defensive - 0:00
Total
Forward - 60:00
Defense - 60:00
|
Play-by-Play
1st period
0:01 of 1st period - David Krejci wins face-off versus Brayden Point in neutral zone.
1:31 of 1st period - Wrist shot by Patrick Kane.
1:31 of 1st period - Stopped by Kaapo Kahkonen without a rebound.
1:32 of 1st period - Nico Hischier wins face-off versus David Krejci in Arizona Coyotes zone.
1:49 of 1st period - Slapshot by Brad Marchand.
1:49 of 1st period - Stopped by Kaapo Kahkonen with a rebound.
1:59 of 1st period - Jani Hakanpaa is hit by Drake Batherson.
2:27 of 1st period - Radko Gudas is hit by Brayden Point and loses puck.
2:41 of 1st period - Off-side.
2:42 of 1st period - Isac Lundestrom wins face-off versus Tyler Seguin in neutral zone.
3:30 of 1st period - Brandon Tanev is hit by Erik Cernak and loses puck.
3:35 of 1st period - Backhand shot by Jason Robertson.
3:35 of 1st period - Stopped by Kaapo Kahkonen with a rebound.
3:43 of 1st period - Brayden McNabb is hit by John Carlson and loses puck.
4:04 of 1st period - Snap shot by Ilya Mikheyev.
4:04 of 1st period - Stopped by Jake Oettinger without a rebound.
4:05 of 1st period - Brayden Point wins face-off versus Erik Haula in Washington Capitals zone.
4:32 of 1st period - Nico Hischier is hit by Matt Dumba and loses puck.
4:39 of 1st period - Snap shot by Ilya Mikheyev.
4:39 of 1st period - Stopped by Jake Oettinger without a rebound.
4:40 of 1st period - Nico Hischier wins face-off versus Ilya Mikheyev in Washington Capitals zone.
4:51 of 1st period - Slapshot by Nico Hischier.
4:51 of 1st period - Shot Misses the Net.
4:53 of 1st period - Snap shot by Brad Marchand.
4:53 of 1st period - Shot Misses the Net.
4:55 of 1st period - Backhand shot by Nick Jensen.
4:55 of 1st period - Shot Misses the Net.
4:57 of 1st period - Wrist shot by Jason Robertson.
4:57 of 1st period - Stopped by Kaapo Kahkonen with a rebound.
5:29 of 1st period - Wrist shot by James van Riemsdyk.
5:29 of 1st period - Deflect By Charlie Coyle.
5:29 of 1st period - Shot Misses the Net.
5:29 of 1st period - Puck is out of play.
5:30 of 1st period - Erik Haula wins face-off versus Alex Ovechkin in Washington Capitals zone.
5:41 of 1st period - Slapshot by Charlie Coyle.
5:41 of 1st period - Stopped by Jake Oettinger with a rebound.
5:43 of 1st period - Wrist shot by Matt Dumba.
5:43 of 1st period - Deflect By Charlie Coyle.
5:43 of 1st period - Stopped by Jake Oettinger with a rebound.
6:08 of 1st period - Snap shot by Ross Colton.
6:08 of 1st period - Shot Blocked by Erik Cernak.
6:27 of 1st period - Nico Hischier is hit by David Krejci.
6:40 of 1st period - Slapshot by David Krejci.
6:40 of 1st period - Shot Blocked by John Carlson.
6:42 of 1st period - Minor Penalty to Drake Batherson for Hooking.
6:43 of 1st period - David Krejci wins face-off versus Isac Lundestrom in Washington Capitals zone.
7:08 of 1st period - Isac Lundestrom is hit by Jared Spurgeon.
8:42 of 1st period - Penalty to Drake Batherson is over, Drake Batherson is back on ice.
8:48 of 1st period - Wrist shot by Drake Batherson.
8:48 of 1st period - Shot Misses the Net.
9:10 of 1st period - Brayden McNabb is hit by Brayden Point.
10:08 of 1st period - Minor Penalty to Ian Cole for Holding.
10:09 of 1st period - Isac Lundestrom wins face-off versus Claude Giroux in Washington Capitals zone.
10:34 of 1st period - Jared Spurgeon is hit by Nikita Zaitsev.
10:42 of 1st period - Snap shot by Ondrej Palat.
10:42 of 1st period - Stopped by Jake Oettinger without a rebound.
10:43 of 1st period - Claude Giroux wins face-off versus Isac Lundestrom in Washington Capitals zone.
12:08 of 1st period - Penalty to Ian Cole is over, Ian Cole is back on ice.
12:33 of 1st period - Minor Penalty to Charlie Coyle for Goalie Interference.
12:34 of 1st period - Brayden Point wins face-off versus Claude Giroux in Arizona Coyotes zone.
12:49 of 1st period - Wrist shot by Brayden Point.
12:49 of 1st period - Stopped by Kaapo Kahkonen without a rebound.
12:50 of 1st period - Brayden Point wins face-off versus Erik Haula in Arizona Coyotes zone.
13:15 of 1st period - Jani Hakanpaa is hit by John Carlson and loses puck.
13:36 of 1st period - Off-side.
13:37 of 1st period - Claude Giroux wins face-off versus Brayden Point in neutral zone.
14:08 of 1st period - Snap shot by Brad Marchand.
14:08 of 1st period - Stopped by Kaapo Kahkonen without a rebound.
14:09 of 1st period - Nico Hischier wins face-off versus Erik Haula in Arizona Coyotes zone.
14:33 of 1st period - Penalty to Charlie Coyle is over, Charlie Coyle is back on ice.
15:14 of 1st period - Wrist shot by Erik Haula.
15:14 of 1st period - Stopped by Jake Oettinger without a rebound.
15:15 of 1st period - Erik Haula wins face-off versus Isac Lundestrom in Washington Capitals zone.
15:30 of 1st period - Snap shot by Fabian Zetterlund.
15:30 of 1st period - Shot Misses the Net.
15:46 of 1st period - Slapshot by Ondrej Palat.
15:46 of 1st period - Stopped by Jake Oettinger with a rebound.
15:51 of 1st period - Off-side.
15:52 of 1st period - David Krejci wins face-off versus Nico Hischier in neutral zone.
16:29 of 1st period - Snap shot by James van Riemsdyk.
16:29 of 1st period - Stopped by Jake Oettinger without a rebound.
16:30 of 1st period - Tyler Seguin wins face-off versus Brayden Point in Washington Capitals zone.
16:43 of 1st period - Minor Penalty to Patrick Kane for Delaying the game.
16:44 of 1st period - David Krejci wins face-off versus Isac Lundestrom in Washington Capitals zone.
16:52 of 1st period - Snap shot by David Krejci.
16:52 of 1st period - Deflect By Ondrej Palat.
16:52 of 1st period - Stopped by Jake Oettinger with a rebound.
17:14 of 1st period - Nikita Zaitsev is hit by Dmitry Orlov and loses puck.
18:43 of 1st period - Penalty to Patrick Kane is over, Patrick Kane is back on ice.
Goals for this period are 0 for Arizona Coyotes vs 0 for Washington Capitals.
Shots for this period are 9 for Arizona Coyotes vs 6 for Washington Capitals.
2nd period
0:01 of 2nd period - Tyler Seguin wins face-off versus Brayden Point in neutral zone.
0:06 of 2nd period - Snap shot by Ondrej Palat.
0:06 of 2nd period - Shot Misses the Net.
0:12 of 2nd period - Snap shot by Ondrej Palat.
0:12 of 2nd period - Shot Misses the Net.
0:55 of 2nd period - Slapshot by Fabian Zetterlund.
0:55 of 2nd period - Stopped by Kaapo Kahkonen without a rebound.
0:56 of 2nd period - Brayden Point wins face-off versus Tyler Seguin in Arizona Coyotes zone.
1:00 of 2nd period - Minor Penalty to Jani Hakanpaa for Holding.
1:01 of 2nd period - Claude Giroux wins face-off versus Patrick Kane in Arizona Coyotes zone.
1:08 of 2nd period - Off-side.
1:09 of 2nd period - Brayden Point wins face-off versus Erik Haula in neutral zone.
1:30 of 2nd period - Wrist shot by Patrick Kane.
1:30 of 2nd period - Shot Misses the Net.
1:32 of 2nd period - Slapshot by Nick Jensen.
1:32 of 2nd period - Deflect By David Krejci.
1:32 of 2nd period - Goal by Nick Jensen - Arizona Coyotes : 0 - Washington Capitals : 1.
1:33 of 2nd period - Brayden Point wins face-off versus Tyler Seguin in neutral zone.
1:50 of 2nd period - Snap shot by Alex Ovechkin.
1:50 of 2nd period - Shot Misses the Net.
2:02 of 2nd period - Nico Hischier is hit by David Krejci and loses puck.
2:33 of 2nd period - Snap shot by Brandon Tanev.
2:33 of 2nd period - Deflect By Ross Colton.
2:33 of 2nd period - Shot Misses the Net.
2:33 of 2nd period - Puck is out of play.
2:34 of 2nd period - Brayden Point wins face-off versus Tyler Seguin in Washington Capitals zone.
2:45 of 2nd period - Slapshot by Brayden Point.
2:45 of 2nd period - Stopped by Kaapo Kahkonen with a rebound.
2:49 of 2nd period - Wrist shot by Alex Ovechkin.
2:49 of 2nd period - Shot Misses the Net.
2:51 of 2nd period - Wrist shot by Patrick Kane.
2:51 of 2nd period - Stopped by Kaapo Kahkonen with a rebound.
3:06 of 2nd period - Jared Spurgeon is hit by Nick Jensen and loses puck.
3:23 of 2nd period - Wrist shot by Isac Lundestrom.
3:23 of 2nd period - Stopped by Kaapo Kahkonen without a rebound.
3:24 of 2nd period - Erik Haula wins face-off versus Isac Lundestrom in Arizona Coyotes zone.
3:30 of 2nd period - Icing by Erik Cernak.
3:31 of 2nd period - Tyler Seguin wins face-off versus Fabian Zetterlund in Washington Capitals zone.
3:34 of 2nd period - Snap shot by Ondrej Palat.
3:34 of 2nd period - Shot Misses the Net.
3:39 of 2nd period - Minor Penalty to Erik Cernak for Boarding.
3:40 of 2nd period - Isac Lundestrom wins face-off versus David Krejci in Washington Capitals zone.
3:48 of 2nd period - Slapshot by David Krejci.
3:48 of 2nd period - Stopped by Jake Oettinger without a rebound.
3:49 of 2nd period - Isac Lundestrom wins face-off versus Tyler Seguin in Washington Capitals zone.
4:01 of 2nd period - Off-side.
4:02 of 2nd period - Claude Giroux wins face-off versus Isac Lundestrom in neutral zone.
5:09 of 2nd period - Brad Marchand is hit by Ilya Mikheyev and loses puck.
5:39 of 2nd period - Penalty to Erik Cernak is over, Erik Cernak is back on ice.
6:06 of 2nd period - John Carlson is hit by Tanner Jeannot and loses puck.
6:18 of 2nd period - Minor Penalty to Barrett Hayton for Tripping.
6:19 of 2nd period - Claude Giroux wins face-off versus Isac Lundestrom in Washington Capitals zone.
6:27 of 2nd period - Snap shot by Claude Giroux.
6:27 of 2nd period - Shot Misses the Net.
6:29 of 2nd period - Snap shot by Claude Giroux.
6:29 of 2nd period - Shot Misses the Net.
6:31 of 2nd period - Backhand shot by Ilya Mikheyev.
6:31 of 2nd period - Shot Blocked by Nikita Zaitsev.
6:33 of 2nd period - Slapshot by Mats Zuccarello.
6:33 of 2nd period - Goal by Mats Zuccarello - Arizona Coyotes : 1 - Washington Capitals : 1.
6:34 of 2nd period - David Krejci wins face-off versus Brayden Point in neutral zone.
6:50 of 2nd period - Snap shot by Claude Giroux.
6:50 of 2nd period - Stopped by Jake Oettinger with a rebound.
7:26 of 2nd period - Snap shot by Jordan Kyrou.
7:26 of 2nd period - Shot Misses the Net.
7:28 of 2nd period - Slapshot by John Carlson.
7:28 of 2nd period - Stopped by Kaapo Kahkonen with a rebound.
7:30 of 2nd period - Snap shot by Erik Cernak.
7:30 of 2nd period - Shot Blocked by Radko Gudas.
8:50 of 2nd period - Matt Dumba is hit by Ian Cole and loses puck.
9:03 of 2nd period - Ilya Mikheyev is hit by Jordan Kyrou and loses puck.
9:22 of 2nd period - Wrist shot by Tyler Seguin.
9:22 of 2nd period - Stopped by Jake Oettinger without a rebound.
9:23 of 2nd period - Brayden Point wins face-off versus David Krejci in Washington Capitals zone.
9:35 of 2nd period - Mats Zuccarello is hit by Brayden Point and loses puck.
10:00 of 2nd period - Slapshot by Brad Marchand.
10:00 of 2nd period - Stopped by Kaapo Kahkonen with a rebound.
10:02 of 2nd period - Snap shot by Brad Marchand.
10:02 of 2nd period - Stopped by Kaapo Kahkonen with a rebound.
10:14 of 2nd period - Owen Tippett is hit by Tanner Jeannot.
10:38 of 2nd period - Snap shot by Claude Giroux.
10:38 of 2nd period - Deflect By John Carlson.
10:38 of 2nd period - Stopped by Jake Oettinger with a rebound.
10:40 of 2nd period - Wrist shot by Claude Giroux.
10:40 of 2nd period - Shot Blocked by John Carlson.
10:42 of 2nd period - Snap shot by Mats Zuccarello.
10:42 of 2nd period - Shot Blocked by Erik Cernak.
12:06 of 2nd period - Snap shot by Jordan Kyrou.
12:06 of 2nd period - Goal by Jordan Kyrou - Arizona Coyotes : 1 - Washington Capitals : 2.
12:07 of 2nd period - David Krejci wins face-off versus Brayden Point in neutral zone.
12:09 of 2nd period - Off-side.
12:10 of 2nd period - Brayden Point wins face-off versus David Krejci in neutral zone.
12:18 of 2nd period - Minor Penalty to Matt Dumba for Hooking.
12:19 of 2nd period - Claude Giroux wins face-off versus Patrick Kane in Arizona Coyotes zone.
12:19 of 2nd period - Claude Giroux is hit by Patrick Kane.
12:32 of 2nd period - Erik Haula is hit by Patrick Kane and loses puck.
14:18 of 2nd period - Penalty to Matt Dumba is over, Matt Dumba is back on ice.
14:49 of 2nd period - Wrist shot by Ross Colton.
14:49 of 2nd period - Deflect By Tanner Jeannot.
14:49 of 2nd period - Shot Blocked by Nikita Zaitsev.
14:49 of 2nd period - Puck is out of play.
14:50 of 2nd period - Tyler Seguin wins face-off versus Barrett Hayton in Washington Capitals zone.
15:20 of 2nd period - Off-side.
15:21 of 2nd period - Brayden Point wins face-off versus David Krejci in neutral zone.
16:12 of 2nd period - Double Minor Penalty to Radko Gudas for Roughing.
16:13 of 2nd period - Brayden Point wins face-off versus Claude Giroux in Arizona Coyotes zone.
16:42 of 2nd period - Slapshot by Erik Haula.
16:42 of 2nd period - Stopped by Jake Oettinger without a rebound.
16:43 of 2nd period - Erik Haula wins face-off versus Nico Hischier in Washington Capitals zone.
16:52 of 2nd period - Slapshot by Jason Robertson.
16:52 of 2nd period - Shot Misses the Net.
16:54 of 2nd period - Slapshot by Nikita Zaitsev.
16:54 of 2nd period - Goal by Nikita Zaitsev - Arizona Coyotes : 1 - Washington Capitals : 3.
16:55 of 2nd period - Brayden Point wins face-off versus Claude Giroux in neutral zone.
17:27 of 2nd period - Backhand shot by Nico Hischier.
17:27 of 2nd period - Stopped by Kaapo Kahkonen with a rebound.
17:29 of 2nd period - Slapshot by Connor Murphy.
17:29 of 2nd period - Shot Blocked by Brayden McNabb.
17:31 of 2nd period - Wrist shot by Brad Marchand.
17:31 of 2nd period - Stopped by Kaapo Kahkonen with a rebound.
17:37 of 2nd period - Minor Penalty to Jani Hakanpaa for Roughing.
17:38 of 2nd period - Brayden Point wins face-off versus Charlie Coyle in Arizona Coyotes zone.
17:47 of 2nd period - Wrist shot by Brayden Point.
17:47 of 2nd period - Stopped by Kaapo Kahkonen with a rebound.
17:49 of 2nd period - Snap shot by Patrick Kane.
17:49 of 2nd period - Stopped by Kaapo Kahkonen without a rebound.
17:50 of 2nd period - Ondrej Palat wins face-off versus Brayden Point in Arizona Coyotes zone.
18:26 of 2nd period - Snap shot by Nico Hischier.
18:26 of 2nd period - Shot Blocked by Matt Dumba.
18:28 of 2nd period - Wrist shot by Jason Robertson.
18:28 of 2nd period - Goal by Jason Robertson - Arizona Coyotes : 1 - Washington Capitals : 4.
18:29 of 2nd period - Claude Giroux wins face-off versus Brayden Point in neutral zone.
18:38 of 2nd period - Wrist shot by Claude Giroux.
18:38 of 2nd period - Shot Misses the Net.
18:40 of 2nd period - Snap shot by Brayden McNabb.
18:40 of 2nd period - Stopped by Jake Oettinger without a rebound.
18:41 of 2nd period - Brayden Point wins face-off versus Claude Giroux in Washington Capitals zone.
18:52 of 2nd period - Slapshot by Claude Giroux.
18:52 of 2nd period - Stopped by Jake Oettinger with a rebound.
18:54 of 2nd period - Wrist shot by Mats Zuccarello.
18:54 of 2nd period - Stopped by Jake Oettinger with a rebound.
18:56 of 2nd period - Wrist shot by Mats Zuccarello.
18:56 of 2nd period - Shot Blocked by Patrick Kane.
18:58 of 2nd period - Slapshot by Brayden McNabb.
18:58 of 2nd period - Stopped by Jake Oettinger without a rebound.
18:59 of 2nd period - Nico Hischier wins face-off versus Erik Haula in Washington Capitals zone.
19:14 of 2nd period - Slapshot by Jason Robertson.
19:14 of 2nd period - Stopped by Kaapo Kahkonen without a rebound.
19:15 of 2nd period - Brayden Point wins face-off versus Claude Giroux in Arizona Coyotes zone.
19:20 of 2nd period - Wrist shot by Brayden Point.
19:20 of 2nd period - Goal by Brayden Point - Arizona Coyotes : 1 - Washington Capitals : 5.
19:21 of 2nd period - David Krejci wins face-off versus Brayden Point in neutral zone.
19:23 of 2nd period - Patrick Kane beats up David Krejci.
19:23 of 2nd period - Penalty to Patrick Kane for Fighting.
19:23 of 2nd period - Penalty to David Krejci for Fighting.
19:24 of 2nd period - James van Riemsdyk wins face-off versus Alex Ovechkin in Washington Capitals zone.
Goals for this period are 1 for Arizona Coyotes vs 5 for Washington Capitals.
Shots for this period are 10 for Arizona Coyotes vs 17 for Washington Capitals.
3rd period
0:01 of 3rd period - James van Riemsdyk wins face-off versus Brayden Point in neutral zone.
0:26 of 3rd period - Ilya Mikheyev is hit by John Carlson and loses puck.
0:35 of 3rd period - John Carlson is hit by Jared Spurgeon and loses puck.
0:54 of 3rd period - Barrett Hayton and Jared Spurgeon fight to a draw.
0:54 of 3rd period - Penalty to Barrett Hayton for Fighting.
0:54 of 3rd period - Penalty to Jared Spurgeon for Fighting.
0:55 of 3rd period - Brayden Point wins face-off versus Claude Giroux in Washington Capitals zone.
2:10 of 3rd period - Minor Penalty to Erik Haula for Tripping.
2:11 of 3rd period - Brayden Point wins face-off versus Claude Giroux in Arizona Coyotes zone.
4:10 of 3rd period - Penalty to Erik Haula is over, Erik Haula is back on ice.
5:25 of 3rd period - Erik Cernak is hit by Dmitry Orlov and loses puck.
6:58 of 3rd period - Snap shot by Tyler Seguin.
6:58 of 3rd period - Stopped by Jake Oettinger without a rebound.
6:59 of 3rd period - David Krejci wins face-off versus Barrett Hayton in Washington Capitals zone.
7:26 of 3rd period - Off-side.
7:27 of 3rd period - Erik Haula wins face-off versus Brayden Point in neutral zone.
7:36 of 3rd period - Snap shot by Charlie Coyle.
7:36 of 3rd period - Shot Misses the Net.
7:38 of 3rd period - Slapshot by Dmitry Orlov.
7:38 of 3rd period - Deflect By Brayden Point.
7:38 of 3rd period - Stopped by Jake Oettinger with a rebound.
7:40 of 3rd period - Wrist shot by Brayden McNabb.
7:40 of 3rd period - Stopped by Jake Oettinger without a rebound.
7:41 of 3rd period - Brayden Point wins face-off versus David Krejci in Washington Capitals zone.
8:08 of 3rd period - Erik Haula is hit by Brad Marchand and loses puck.
8:31 of 3rd period - Snap shot by Brandon Tanev.
8:31 of 3rd period - Stopped by Jake Oettinger with a rebound.
8:37 of 3rd period - Tanner Jeannot is hit by Nikita Zaitsev and loses puck.
9:09 of 3rd period - Minor Penalty to Dmitry Orlov for Roughing.
9:10 of 3rd period - Claude Giroux wins face-off versus Brayden Point in Arizona Coyotes zone.
9:10 of 3rd period - Claude Giroux is hit by Brayden Point.
9:30 of 3rd period - Minor Penalty to Patrick Kane for High sticking.
9:31 of 3rd period - Brayden Point wins face-off versus Claude Giroux in Washington Capitals zone.
9:58 of 3rd period - John Carlson is hit by Erik Haula and loses puck.
10:42 of 3rd period - Wrist shot by Isac Lundestrom.
10:42 of 3rd period - Shot Blocked by Radko Gudas.
10:44 of 3rd period - Slapshot by Nico Hischier.
10:44 of 3rd period - Stopped by Kaapo Kahkonen with a rebound.
10:46 of 3rd period - Wrist shot by Isac Lundestrom.
10:46 of 3rd period - Shot Blocked by Claude Giroux.
11:04 of 3rd period - Snap shot by Drake Batherson.
11:04 of 3rd period - Shot Blocked by Matt Dumba.
11:09 of 3rd period - Penalty to Dmitry Orlov is over, Dmitry Orlov is back on ice.
11:12 of 3rd period - Minor Penalty to Erik Cernak for Interference.
11:13 of 3rd period - David Krejci wins face-off versus Isac Lundestrom in Washington Capitals zone.
11:26 of 3rd period - Snap shot by David Krejci.
11:26 of 3rd period - Stopped by Jake Oettinger without a rebound.
11:27 of 3rd period - Isac Lundestrom wins face-off versus Claude Giroux in Washington Capitals zone.
11:30 of 3rd period - Penalty to Patrick Kane is over, Patrick Kane is back on ice.
12:17 of 3rd period - Ilya Mikheyev is hit by Isac Lundestrom.
13:12 of 3rd period - Penalty to Erik Cernak is over, Erik Cernak is back on ice.
13:29 of 3rd period - Snap shot by Patrick Kane.
13:29 of 3rd period - Shot Blocked by Radko Gudas.
14:18 of 3rd period - Wrist shot by Drake Batherson.
14:18 of 3rd period - Shot Misses the Net.
14:20 of 3rd period - Snap shot by Drake Batherson.
14:20 of 3rd period - Stopped by Kaapo Kahkonen with a rebound.
14:22 of 3rd period - Snap shot by Drake Batherson.
14:22 of 3rd period - Shot Misses the Net.
14:38 of 3rd period - Matt Dumba is hit by Nick Jensen and loses puck.
14:44 of 3rd period - Minor Penalty to Matt Dumba for Holding.
14:45 of 3rd period - Brayden Point wins face-off versus Claude Giroux in Arizona Coyotes zone.
15:01 of 3rd period - Snap shot by Brayden Point.
15:01 of 3rd period - Stopped by Kaapo Kahkonen with a rebound.
15:17 of 3rd period - Wrist shot by Nico Hischier.
15:17 of 3rd period - Shot Blocked by Radko Gudas.
15:19 of 3rd period - Wrist shot by Brad Marchand.
15:19 of 3rd period - Goal by Brad Marchand - Arizona Coyotes : 1 - Washington Capitals : 6.
15:20 of 3rd period - Brayden Point wins face-off versus Tyler Seguin in neutral zone.
15:35 of 3rd period - Icing by Brayden Point.
15:36 of 3rd period - David Krejci wins face-off versus Brayden Point in Washington Capitals zone.
15:47 of 3rd period - Wrist shot by Claude Giroux.
15:47 of 3rd period - Deflect By Mats Zuccarello.
15:47 of 3rd period - Shot Misses the Net.
15:47 of 3rd period - Puck is out of play.
15:48 of 3rd period - Brayden Point wins face-off versus David Krejci in Washington Capitals zone.
15:48 of 3rd period - Brayden Point is hit by Dmitry Orlov.
16:02 of 3rd period - Snap shot by Patrick Kane.
16:02 of 3rd period - Stopped by Kaapo Kahkonen with a rebound.
16:19 of 3rd period - Snap shot by Jordan Kyrou.
16:19 of 3rd period - Stopped by Kaapo Kahkonen with a rebound.
16:21 of 3rd period - Snap shot by Barrett Hayton.
16:21 of 3rd period - Shot Misses the Net.
16:23 of 3rd period - Snap shot by Drake Batherson.
16:23 of 3rd period - Stopped by Kaapo Kahkonen without a rebound.
16:24 of 3rd period - Brayden Point wins face-off versus Tyler Seguin in Arizona Coyotes zone.
16:38 of 3rd period - Minor Penalty to Connor Murphy for Hooking.
16:39 of 3rd period - Isac Lundestrom wins face-off versus Claude Giroux in Washington Capitals zone.
17:05 of 3rd period - Ilya Mikheyev is hit by Nikita Zaitsev and loses puck.
17:57 of 3rd period - Snap shot by Claude Giroux.
17:57 of 3rd period - Shot Misses the Net.
17:59 of 3rd period - Slapshot by Brayden McNabb.
17:59 of 3rd period - Stopped by Jake Oettinger without a rebound.
18:00 of 3rd period - Barrett Hayton wins face-off versus David Krejci in Washington Capitals zone.
18:00 of 3rd period - Barrett Hayton is hit by David Krejci.
18:14 of 3rd period - Snap shot by Tyler Seguin.
18:14 of 3rd period - Shot Misses the Net.
18:16 of 3rd period - Slapshot by Ondrej Palat.
18:16 of 3rd period - Deflect By David Krejci.
18:16 of 3rd period - Shot Blocked by Barrett Hayton.
18:16 of 3rd period - Puck is out of play.
18:17 of 3rd period - David Krejci wins face-off versus Isac Lundestrom in Washington Capitals zone.
18:18 of 3rd period - Snap shot by Ondrej Palat.
18:18 of 3rd period - Shot Misses the Net.
18:20 of 3rd period - Slapshot by Jared Spurgeon.
18:20 of 3rd period - Deflect By Tyler Seguin.
18:20 of 3rd period - Stopped by Jake Oettinger with a rebound.
18:28 of 3rd period - Snap shot by David Krejci.
18:28 of 3rd period - Shot Blocked by Erik Cernak.
18:30 of 3rd period - Slapshot by Jared Spurgeon.
18:30 of 3rd period - Shot Blocked by Nikita Zaitsev.
18:38 of 3rd period - Penalty to Connor Murphy is over, Connor Murphy is back on ice.
18:46 of 3rd period - Radko Gudas is hit by Alex Ovechkin and loses puck.
19:04 of 3rd period - Tyler Seguin is hit by Connor Murphy and loses puck.
19:07 of 3rd period - Slapshot by James van Riemsdyk.
19:07 of 3rd period - Shot Misses the Net.
19:09 of 3rd period - Slapshot by Jared Spurgeon.
19:09 of 3rd period - Shot Blocked by Connor Murphy.
19:14 of 3rd period - Charlie Coyle is hit by Barrett Hayton and loses puck.
19:33 of 3rd period - Snap shot by Ross Colton.
19:33 of 3rd period - Shot Misses the Net.
19:35 of 3rd period - Slapshot by Brayden McNabb.
19:35 of 3rd period - Stopped by Jake Oettinger without a rebound.
19:36 of 3rd period - Erik Haula wins face-off versus Brayden Point in Washington Capitals zone.
19:39 of 3rd period - Slapshot by James van Riemsdyk.
19:39 of 3rd period - Stopped by Jake Oettinger without a rebound.
19:40 of 3rd period - Erik Haula wins face-off versus Brayden Point in Washington Capitals zone.
19:45 of 3rd period - Wrist shot by Erik Haula.
19:45 of 3rd period - Deflect By James van Riemsdyk.
19:45 of 3rd period - Shot Misses the Net.
19:45 of 3rd period - Puck is out of play.
19:46 of 3rd period - James van Riemsdyk wins face-off versus Brayden Point in Washington Capitals zone.
19:59 of 3rd period - Snap shot by James van Riemsdyk.
19:59 of 3rd period - Stopped by Jake Oettinger without a rebound.
Goals for this period are 0 for Arizona Coyotes vs 1 for Washington Capitals.
Shots for this period are 10 for Arizona Coyotes vs 7 for Washington Capitals.
Back to the Top